 Dungeon Crawl Stone Soup version 0.17-a0-1195-g0639cb0 (webtiles) character file.

293 Chiseanne the Skirmisher (level 6, 0/39 HPs)
             Began as a Kobold Fighter on June 2, 2015.
             Killed by nerve-wracking pain
             ... invoked by an orc priest
              (12 damage)
             ... on level 4 of the Dungeon.
             The game lasted 00:08:12 (4028 turns).

Chiseanne the Skirmisher (Kobold Fighter)           Turns: 4028, Time: 00:08:12

Health: 0/39       AC:  6    Str: 19    XL:     6   Next: 60%
Magic:  6/6        EV: 11    Int:  6    God:
Gold:   170        SH: 12    Dex: 18    Spells: 0 memorised, 5 levels left

rFire  . . .     SeeInvis .     a - +1 whip (venom)
rCold  . . .     Clarity  .     b - +0 scale mail
rNeg   . . .     SustAt   .     c - +2 shield
rPois  .         Gourm    .     (no helmet)
rElec  .         Spirit   .     (no cloak)
rCorr  .         Warding  .     (no gloves)
rMut   .         Stasis   .     (no boots)
MR     .....                    (no amulet)
Stlth  ..........               (no ring)
                                (no ring)

@: mighty, not resistant to hostile enchantments, extremely unstealthy
A: carnivore 3
a: no special abilities


You were on level 4 of the Dungeon.
You were completely stuffed.

You visited 1 branch of the dungeon, and saw 4 of its levels.

You collected 170 gold pieces.

Inventory:

Hand weapons
 a - a +1 whip of venom (weapon)
 i - a cursed +0 dagger
 w - a +0 blowgun
Missiles
 g - 2 throwing nets (quivered)
 j - 52 sling bullets
 l - 36 bolts
 m - 8 tomahawks
 n - 34 poisoned needles
Armour
 b - a +0 scale mail (worn)
 c - a +2 shield (worn)
Scrolls
 f - a scroll of fog
 q - a scroll of recharging {unknown}
Potions
 h - 2 potions of brilliance
 o - a potion of berserk rage {unknown}
 p - a potion of poison {unknown}
Comestibles
 e - 2 meat rations
 k - a beef jerky


   Skills:
 * Level 4.3 Fighting
 - Level 2.6 Short Blades
 - Level 1.1 Throwing
 * Level 3.5 Armour
 * Level 3.0 Dodging
 * Level 3.8 Shields


You had 5 spell levels left.
You didn't know any spells.

Dungeon Overview and Level Annotations

Branches:
Dungeon (4/15)
 Temple: D:4-7

Altars:


Innate Abilities, Weirdness & Mutations

You are small and have problems with some larger weapons.
You are carnivorous and can eat meat at any time.


Message History

* * * LOW HITPOINT WARNING * * *
Items here: ))) †† a short sword; a flail; a whip; an orc corpse; an orc corpse You hit the orc priest.
The orc priest is poisoned.
The orc priest is moderately wounded.
The orc priest barely misses you.
You completely miss the orc priest.
The orc priest is moderately wounded.
You block the orc priest's attack.
Your shield and scale mail prevent you from hitting the orc priest.
The orc priest is moderately wounded.
You block the orc priest's attack.
The orc priest hits you but does no damage.
Drink which item? (? for menu, Esc to quit)
You feel very mighty all of a sudden.
You closely miss the orc priest.
The orc priest is moderately wounded.
The orc priest mumbles some strange prayers to Beogh against you.
Pain shoots through your body!
You die...

. .. ####
#.############### ....
!.#...............# #...
.oo.....†.....>.#.# #...
.....###.#..#...#.# #...
.#.. #.#..#.#.#.# #... #.
#o#......#.####... #
#@#..#.#.....##... #
#.#..#............ ...
#.#<.........##.#.
[....###÷#.#.#####..#....
.................#.......
#.#.####.#.#.###.#.##..#.
##.#.# #)#.#.###.#.##..#.
#....# #.#.#.....#.##..##
#.#..####.#.#####.#.##....


You could see an orc priest.

Vanquished Creatures
  A hound (D:4)
  An orc priest (D:4)
  An iguana (D:4)
  7 adders
  3 gnolls (D:4)
  An ooze (D:2)
  A worm (D:3)
  An adder skeleton (D:4)
  2 giant geckos
  18 orcs
  5 ball pythons
  10 bats
  4 giant cockroaches
  8 hobgoblins
  3 quokkas
  3 giant newts
  13 goblins
  9 kobolds
  6 rats
97 creatures vanquished.

Notes
Turn   | Place    | Note
--------------------------------------------------------------
     0 | D:1      | Chiseanne the Kobold Fighter began the quest for the Orb.
     0 | D:1      | Reached XP level 1. HP: 14/14 MP: 1/1
   173 | D:1      | Reached XP level 2. HP: 19/19 MP: 2/2
   596 | D:1      | Reached XP level 3. HP: 23/23 MP: 3/3
  1188 | D:2      | Reached skill level 1 in Throwing
  1414 | D:2      | Reached skill level 1 in Dodging
  1414 | D:2      | Reached XP level 4. HP: 18/29 MP: 4/4
  2416 | D:3      | Reached XP level 5. HP: 27/33 MP: 5/5
  3426 | D:4      | Reached skill level 4 in Fighting
  3684 | D:4      | Reached XP level 6. HP: 36/38 MP: 6/6
  4028 | D:4      | Killed from afar by an orc priest

Vault maps used:
D:1:      minmay_arrival_cross
D:2:      minmay_crystal_room
D:3:      hangedman_decor_clover_reticule

Action                   |  1- 3 |  4- 6 || total
-------------------------+-------+-------++-------
Melee: Rapier            |   140 |   220 ||   360
       Whip              |       |    53 ||    53
 Fire: Blowgun           |       |    19 ||    19
Throw: Throwing net      |       |     1 ||     1
  Use: Scroll            |     5 |     3 ||     8
       Potion            |       |     1 ||     1
  Eat: Chunk             |    10 |     9 ||    19
